 Dungeon Crawl Stone Soup version 0.27.0-66-gdc8fb28755 (webtiles) character file.

Game seed: 17972549490851749938

90 sanka the Chopper (level 4, -1/32 (37) HPs)
             Began as a Palentonga Abyssal Knight on Aug 20, 2021.
             Was a Believer of Lugonu.
             Slain by an orc (3 damage)
             ... on level 3 of the Dungeon.
             The game lasted 00:02:04 (2516 turns).

sanka the Chopper (Palentonga Abyssal Knight)       Turns: 2516, Time: 00:02:04

HP:   -1/32 (37)    AC:  4    Str: 16    XL:     4   Next: 32%
MP:   5/5           EV:  9    Int: 13    God:    Lugonu [**....]
Gold: 51            SH:  0    Dex:  9    Spells: 3/3 levels left

rFire    . . .     SeeInvis +   a - +1 hand axe
rCold    . . .     Faith    .   (no shield)
rNeg     . . .     Spirit   .   b - +0 leather armour
rPois    .         Reflect  .   (no helmet)
rElec    .         Harm     .   (no cloak)
rCorr    .         Rampage  .   (no gloves)
Will     .....                  (no barding)
Stlth    ..........             i - amulet of the acrobat
HPRegen  0.10/turn              (no ring)
MPRegen  0.09/turn              (no ring)

@: confused, heavily drained
A: large, rugged brown scales 3, see invisible, deformed body, roll 1, armoured
tail
a: Rolling Charge, Renounce Religion, Depart the Abyss, Bend Space


You were on level 3 of the Dungeon.
You worshipped Lugonu.
Lugonu was pleased with you.
You visited 1 branch of the dungeon, and saw 3 of its levels.
You visited the Abyss 1 time.

You collected 71 gold pieces.
You spent 20 gold pieces at shops.


Innate Abilities, Weirdness & Mutations

You are completely covered in rugged brown scales. (AC +3, +7% HP)
You have supernaturally acute eyesight. (SInv)
Armour fits poorly on your strangely shaped body.
You can roll at nearby foes to attack.
You have a long armoured tail.


   Skills:
 - Level 3.0 Fighting
 + Level 4.6 Axes
 - Level 1.5 Armour
 - Level 0.7 Dodging
 - Level 2.0 Invocations


You had 3 spell levels left.
You didn't know any spells.
Your spell library was empty.

Inventory:

Hand Weapons
 a - a +1 hand axe (weapon)
Armour
 b - a +0 leather armour (worn)
 k - a +0 pair of gloves
Jewellery
 i - an amulet of the acrobat (around neck)
Scrolls
 c - a scroll of enchant weapon
 d - a scroll of magic mapping
 f - a scroll of summoning {unknown}
Potions
 e - 2 potions of mutation {unknown}
 g - a potion of brilliance {unknown}
 h - a potion of might {unknown}
 j - a potion of cancellation {unknown}

Dungeon Overview and Level Annotations

Branches:
Dungeon (3/15)

Altars:

Shops:
D:2

? ........▒
▒.......▒▒▒▒▒▒
.............▒
▒.......?....▒
....g........▒
.............▒▒▒
▒....)o>......▒
▒....Ho......▒
▒.▒...).?....▒
..........▒▒▒ ▒▒▒▒▒▒▒▒
.............▒ ▒.≈.≈≈.≈
.............▒▒▒▒..≈.≈≈≈
................▒.≈≈≈≈≈≈
.................≈.≈≈≈≈≈
...........▒......≈≈≈≈≈≈
.....▒▒..........≈≈≈..


You could see an orc wizard, an orc and a hobgoblin.


Message History

You are too confused!
You are too confused!
You hit the orc priest.
The orc priest is almost dead.
You barely miss the orc. You hit the orc wizard.
The orc hits you with a +0 hand axe.
The orc priest hits you with a +2 mace of draining.
You feel drained.
The orc wizard hits you with a +0 dagger.
* * * LOW HITPOINT WARNING * * *
You miss the orc. You closely miss the orc wizard.
You barely miss the orc priest. The orc hits you with a +0 hand axe.
* * * LOW HITPOINT WARNING * * *
The orc wizard hits you with a +0 dagger.
* * * LOW HITPOINT WARNING * * *
The orc priest hits you with a +2 mace of draining!
* * * LOW HITPOINT WARNING * * *
You feel drained.
Unknown command.
You barely miss the orc priest. You tail-slap the orc priest.
You kill the orc priest!
Lugonu accepts your kill.
You hit the orc wizard. You hit the orc but do no damage.
The orc hits you with a +0 hand axe.
You die...

Action                   |  1- 3 |  4- 6 || total
-------------------------+-------+-------++-------
Melee: Hand axe          |    95 |    21 ||   116
       Tailslap          |     6 |     2 ||     8
 Abil: Rolling Charge    |     3 |     1 ||     4
  Use: Scroll            |       |     2 ||     2
Armor: Leather armour    |    37 |     5 ||    42
Dodge: Dodged            |    44 |     7 ||    51

Levels and vault maps discovered:
D:1:      saegor_arrival_simple_e, layout_basic, serial_forest,
          infiniplex_forest_clump_C, infiniplex_forest_zigzag_1,
          infiniplex_forest_straight_4, infiniplex_forest_split,
          infiniplex_forest_clump_medium, infiniplex_forest_clump_tiny,
          infiniplex_forest_clump_small, infiniplex_forest_fountain
D:2:      layout_loops_ring, serial_shops, nicolae_shop_window_shopping
D:3:      layout_rooms, mainiacjoe_overflow_tiny_flanked,
          chequers_ecumenical_altar_island, dk_noncrumbling_4,
          minmay_strange_pillars

Notes
Turn   | Place    | Note
-------+----------+-------------------------------------------
     0 | Abyss:1  | sanka the Palentonga Abyssal Knight began the quest for the
                  | Orb.
     0 | Abyss:1  | Reached XP level 1. HP: 19/19 MP: 2/2
    19 | D:1      | Escaped the Abyss
   356 | D:1      | Reached XP level 2. HP: 25/25 MP: 3/3
   640 | D:1      | Reached skill level 3 in Axes
   787 | D:1      | Reached XP level 3. HP: 23/31 MP: 4/4
   790 | D:1      | Reached ** piety under Lugonu
  1344 | D:2      | Reached skill level 4 in Axes
  1807 | D:2      | Found Segoir's Magic Scroll Shop.
  2002 | D:2      | Reached XP level 4. HP: 16/37 MP: 5/5
  2237 | D:2      | Bought a scroll of identify for 20 gold pieces
  2327 | D:3      | Found a faded altar of an unknown god.
  2515 | D:3      | HP: 2/34 [orc priest (9)]
  2516 | D:3      | Slain by an orc

Vanquished Creatures
  An orc priest (D:3)
  A gnoll (D:1)
  3 adders
  3 dart slugs
  2 bats (D:1)
  5 endoplasms
  3 giant cockroaches (D:1)
  3 goblins
  4 hobgoblins
  6 jackals (D:1)
  3 kobolds
  3 quokkas
  5 ball pythons
  2 rats (D:1)
44 creatures vanquished.

Vanquished Creatures (others)
  4 plants (D:1)
4 creatures vanquished.

Grand Total: 48 creatures vanquished
